AoeStats
← |GaoeG| flamingo

Arabia

510150509Analyzed
3v3 RM · 23h ago on Sep 29, 2026· 38m 9s· 6 players
Game mode
Random Map
Map size
Normal (6 player)
Population
200
Speed
Normal
Resources
Standard
Victory
Conquest
Starting age
Dark Age
Ending age
Imperial Age
RankedLock teamsTeams togetherTeam positionsShared explorationLock speedFull tech treeHidden civsTurbo modeCheats
Victory
Defeat
🇪🇸 Mongols · Spain
1419
+7
🇪🇸 Wei · Spain
1335
+10
🇪🇸 Franks · Spain
875
+27
🇹🇷 Varangians · Türkiye
1197
-15
🇩🇪 Magyars · Germany
1181
-15
🇹🇷 Cumans · Türkiye
1172
-14
Reelio
6:38 Loom
9:18 Feudal Age
10:25 Double-Bit Axe
26:53 Castle Age
26:13 Padded Archer Armor
30:42 Elite Skirmisher
kaanve
0:37 Loom
4:40 Loom
11:56 Feudal Age
12:24 Double-Bit Axe
14:30 Bloodlines
19:05 Forging
20:45 Horse Collar
22:02 Scale Barding Armor
28:25 Castle Age
29:22 Light Cavalry
30:14 Fletching
Vuki
4:59 Loom
10:23 Feudal Age
12:20 Horse Collar
18:25 Castle Age
16:45 Double-Bit Axe
17:19 Stone Mining
19:24 Bow Saw
19:47 Fletching
24:14 Scale Barding Armor
26:15 Bloodlines
26:18 Forging
28:50 Husbandry
32:53 Chain Barding Armor
33:12 Wheelbarrow
34:13 Hand Cart
38:38 Iron Casting
claran33
4:36 Loom
11:05 Feudal Age
12:49 Wheelbarrow
13:43 Double-Bit Axe
19:25 Stone Mining
19:28 Gold Mining
23:40 Castle Age
25:34 Scale Barding Armor
25:40 Forging
30:04 Stone Mining
34:46 Bow Saw
35:32 Chain Barding Armor
35:51 Iron Casting
36:22 Hand Cart
Skofilus
6:03 Loom
8:56 Feudal Age
9:53 Double-Bit Axe
12:15 Fletching
20:47 Wheelbarrow
21:26 Town Watch
24:47 Castle Age
25:27 Bodkin Arrow
24:54 Crossbowman
26:38 Padded Archer Armor
26:39 Stone Mining
26:41 Gold Mining
28:19 Bow Saw
30:47 Ballistics
31:59 Leather Archer Armor
33:03 Gold Shaft Mining
34:16 Thumb Ring
34:59 Hand Cart
38:03 Imperial Age
36:11 Husbandry
37:10 Bloodlines
|GaoeG| flamingo
5:56 Loom
8:58 Feudal Age
9:49 Double-Bit Axe
9:48 Horse Collar
19:22 Wheelbarrow
19:20 Bloodlines
22:24 Castle Age
22:22 Scale Barding Armor
22:28 Forging
23:10 Husbandry
23:30 Bow Saw
23:23 Heavy Plow
27:19 Chain Barding Armor
31:59 Gold Mining
32:03 Stone Mining
38:02 Iron Casting
Connection lost

Rejoining the realm…

Still unreachable

The connection could not be restored.

Session expired

The server has moved on; the page needs a fresh start.